 Dungeon Crawl Stone Soup version 0.30.0-12-gd5a94ecb5d (webtiles) character file.

Game seed: 16682998214491293135

60 gojo231 the Chopper (level 4, -2/35 HPs)
             Began as a Human Cinder Acolyte on May 17, 2023.
             Was a High Priest of Ignis.
             Slain by a gnoll
             ... wielding a +1 flail of draining
              (6 damage)
             ... on level 2 of the Dungeon.
             The game lasted 00:06:58 (1110 turns).

gojo231 the Chopper (Human Cinder Acolyte)          Turns: 1110, Time: 00:07:01

Health: -2/35      AC:  4    Str: 17    XL:     4   Next: 24%
Magic:  4/5        EV: 10    Int: 14    God:    Ignis [*****.]
Gold:   33         SH:  5    Dex:  8    Spells: 3/5 levels left

rFire   + . .        a - -1 hand axe (flame)
rCold   . . .        k - +0 kite shield
rNeg    . . .        b - +0 robe
rPois   .            j - +0 helmet
rElec   .            e - +0 cloak
rCorr   .            (no gloves)
SInv    .            (no boots)
Will    .....        (no amulet)
Stlth   +            (no ring)
HPRegen 0.25/turn    (no ring)
MPRegen 0.09/turn

%: no passive effects
@: no status effects
A: no striking features
a: Renounce Religion, Fiery Armour, Foxfire Swarm, Rising Flame


You were on level 2 of the Dungeon.
You worshipped Ignis.
Ignis was extremely pleased with you.
You visited 1 branch of the dungeon, and saw 2 of its levels.

You collected 33 gold pieces.

Inventory:

Hand Weapons
 a - a -1 hand axe of flaming (weapon)
 h - a +0 rapier
Armour
 b - a +0 robe (worn)
 e - a +0 cloak (worn)
 j - a +0 helmet (worn)
 k - a +0 kite shield (worn)
Wands
 l - a wand of polymorph (5)
Scrolls
 c - a scroll of blinking {unknown}
 d - 6 scrolls of identify {unknown}
 m - a scroll of amnesia {unknown}
 n - 2 scrolls of fog {unknown}
 p - a scroll of vulnerability {unknown}
Potions
 f - a potion of might {unknown}
 g - a potion of brilliance {unknown}
 i - a potion of curing {unknown}
 o - a potion of heal wounds {unknown}


   Skills:
 + Level 3.4 Fighting
 + Level 3.7 Axes
 + Level 1.6 Dodging
 + Level 1.0 Spellcasting
 + Level 3.3 Fire Magic


You had 3 spell levels left.
You knew the following spells:

 Your Spells              Type           Power      Damage    Failure   Level
a - Call Imp              Summ           0%         N/A       77%         2

Your spell library contained the following spells:

 Spells                   Type           Power      Damage    Failure   Level
 Scorch                   Fire           18%        2d6       32%         2
 Magic Dart               Conj           0%         1d3       63%         1
 Mephitic Cloud           Conj/Pois/Air  0%         N/A       94%         3
 Stone Arrow              Conj/Erth      0%         3d7       94%         3
 Animate Armour           Summ/Erth      0%         N/A       100%        4
 Leda's Liquefaction      Hex/Erth       0%         N/A       100%        4
 Lee's Rapid Deconstruct  Erth           0%         3d4*      100%        5
 Statue Form              Tmut/Erth      0%         N/A       100%        6
 Lehudib's Crystal Spear  Conj/Erth      0%         10d2      100%        8


Dungeon Overview and Level Annotations

Branches:
Dungeon (2/15)

Altars:


Message History

The adder closely misses you.
You closely miss the adder. The adder bites you but does no damage.
The gnoll barely misses you. The adder misses you.
You block the gnoll's attack.
You closely miss the adder. You block the adder's attack.
The gnoll hits you from afar with a +0 spear.
You hit the adder. You burn the adder.
The adder is almost dead.
You block the adder's attack. You block the gnoll's attack.
The adder barely misses you.
You closely miss the adder.
The adder is almost dead.
The adder barely misses you.
The gnoll hits you from afar with a +0 spear.
The adder bites you. You block the gnoll's attack.
Your magical contamination has completely faded away.
You completely miss the adder.
The adder is almost dead.
The adder closely misses you.
The gnoll hits you from afar with a +0 spear.
The adder bites you but does no damage.
You completely miss the adder.
The adder is almost dead.
The adder bites you.
The gnoll hits you from afar with a +0 spear.
* * * LOW HITPOINT WARNING * * *
You slash the adder! You burn the adder.
You kill the adder!
The gnoll hits you from afar with a +0 spear.
* * * LOW HITPOINT WARNING * * *
You completely miss the gnoll. You block the gnoll's attack.
The gnoll hits you from afar with a +0 spear.
* * * LOW HITPOINT WARNING * * *
You block the gnoll's attack.
Aiming: Polymorph
Press: ? - help, Q - select action Shift-Dir - straight line, f - gnoll
Aim: a gnoll, wielding a +0 club (will become a ball python, a wyvern, or a dart slug, chance to affect: 57%)
The gnoll evaporates and reforms as a ball python!
The gnoll hits you with a +1 flail of draining.
You die...

#.......# #..# ##..##.
#.......# #.####..###.
#.......###.###..###..
#.......#............#
#.......#............#
########............##
### ###............###
.=...##S.............#..
.....gg@####.........#..
.....)### ###########..
..... #.. .... #.. ...
#.> ## #.. #.. #.> ###


You could see 2 gnolls and a ball python.

Vanquished Creatures
  2 adders (D:2)
  5 ball pythons
  3 bats
  5 endoplasms
  4 giant cockroaches (D:1)
  3 goblins
  3 hobgoblins
  4 kobolds
  4 frilled lizards
  5 rats
38 creatures vanquished.

Notes
Turn   | Place    | Note
-------+----------+-------------------------------------------
     0 | D:1      | gojo231 the Human Cinder Acolyte began the quest for the
                  | Orb.
     0 | D:1      | Reached XP level 1. HP: 18/18 MP: 2/2
    88 | D:1      | Reached XP level 2. HP: 14/24 MP: 3/3
   400 | D:1      | Reached XP level 3. HP: 17/29 MP: 4/4
   524 | D:1      | Reached skill level 1 in Dodging
   936 | D:2      | Reached XP level 4. HP: 35/35 MP: 5/5
   942 | D:2      | Learned a level 2 spell: Call Imp
  1110 | D:2      | Slain by a gnoll

Illustrated notes

Levels and vault maps discovered:
D:1:      scummos_arrival_simple_crosswalls, layout_rooms,
          minmay_small_reverse_x
D:2:      layout_rooms

Skill      XL: |  1  2  3 |
---------------+----------+-----
Dodging        | 1 |  1.6
Fighting       | |  3.4
Axes           | |  3.7
Spellcasting   | |  1.0
Fire Magic     | |  3.3

Action                     |  1- 3 |  4- 6 || total
---------------------------+-------+-------++-------
  Melee: Hand axe          |   118 |    19 ||   137
         Punch             |     2 |       ||     2
  Evoke: Wand              |       |     3 ||     3
 Armour: Robe              |    33 |     8 ||    41
  Dodge: Dodged            |    80 |    17 ||    97
  Block: Kite shield       |       |     8 ||     8
